 Dungeon Crawl Stone Soup version 0.26-a0-540-g8a0c946 (webtiles) character file.

Game seed: 1245259814525871319

191276 ClockworkOrrery the Slayer (level 18, -9/132 HPs)
             Began as a Gargoyle Fighter on Aug 16, 2020.
             Was the Champion of the Shining One.
             Mangled by a tentacle (10 damage)
             ... attached to a kraken
             ... on level 2 of the Shoals.
             The game lasted 01:11:02 (35367 turns).

ClockworkOrrery the Slayer (Gargoyle Fighter)      Turns: 35367, Time: 01:11:03

Health: -9/132     AC: 46    Str: 31    XL:     18   Next: 19%
Magic:  22/22      EV:  9    Int: 13    God:    the Shining One [******]
Gold:   2335       SH: 33    Dex:  9    Spells: 16/22 levels left

rFire    + . .     SeeInvis .   m - +10 mace "Risuosah" {vorpal, rN+ Str+4}
rCold    + . .     Faith    .   c - +2 tower shield {rF+}
rNeg     + + +     Spirit   .   P - +0 plate armour {rC+}
rPois    ∞         Reflect  +   T - +1 helmet {Int+3}
rElec    +         Harm     .   H - +0 cloak
rCorr    .                      K - +1 pair of gloves
MR       +....                  z - +1 pair of boots
Stlth    ..........             p - amulet of reflection
HPRegen  0.32/turn              y - +4 ring of protection
MPRegen  0.18/turn              G - +4 ring of protection

@: divine shield, flying, glowing
A: big wings, negative energy resistance 1, electricity resistance, unbreathing,
petrification resistance, rot immunity, AC +13
}: 1/15 runes: gossamer
a: Stop Flying, Divine Shield, Cleansing Flame, Summon Divine Warrior, Brand
Weapon With Holy Wrath, Renounce Religion


You were on level 2 of the Shoals.
You worshipped the Shining One.
The Shining One was exalted by your worship.
You visited 5 branches of the dungeon, and saw 28 of its levels.
You also visited: Sewer.

You collected 2335 gold pieces.

Inventory:

Hand Weapons
 m - the +10 mace "Risuosah" (weapon) {vorpal, rN+ Str+4}
   (You found it on level 2 of the Spider Nest)

   It inflicts extra damage upon your enemies.
   It affects your strength (+4).
   It protects you from negative energy.
 L - a +2 antimagic morningstar
Armour
 c - a +2 tower shield of fire resistance (worn)
 z - a +1 pair of boots (worn)
 H - a +0 cloak (worn)
 K - a +1 pair of gloves (worn)
 P - a +0 plate armour of cold resistance (worn)
 T - a +1 helmet of intelligence (worn)
Jewellery
 p - an amulet of reflection (around neck)
 y - a +4 ring of protection (left hand)
 G - a +4 ring of protection (right hand)
 Q - an uncursed ring of protection from fire
Wands
 I - a wand of digging (6)
Scrolls
 a - 8 scrolls of teleportation
 b - a scroll of brand weapon {unknown}
 f - 8 scrolls of magic mapping
 h - 7 scrolls of blinking
 i - 4 scrolls of amnesia
 j - 20 scrolls of remove curse
 k - 4 scrolls of fear
 l - 7 scrolls of enchant armour
 o - a scroll of summoning {unknown}
 v - 4 scrolls of fog
 w - 4 scrolls of enchant weapon
 O - a scroll of silence
Potions
 d - 7 potions of might
 e - 6 potions of cancellation {unknown}
 g - 4 potions of mutation
 n - 6 potions of flight {unknown}
 q - 6 potions of degeneration {unknown}
 r - a potion of haste
 u - 12 potions of ambrosia
 x - a potion of berserk rage
 A - 2 potions of resistance
 B - 15 potions of curing
 C - 4 potions of brilliance {unknown}
 D - 10 potions of heal wounds {unknown}


   Skills:
 * Level 21.5 Fighting
 + Level 14.8 Maces & Flails
 + Level 12.1 Armour
 + Level 9.2 Dodging
 + Level 12.3 Shields
 + Level 2.8 Spellcasting
 + Level 3.3 Conjurations
 + Level 3.7 Earth Magic


You had 16 spell levels left.
You knew the following spells:

 Your Spells              Type           Power        Failure   Level
a - Iron Shot             Conj/Erth      ##........   100%        6

Your spell library contained the following spells:

 Spells                   Type           Power        Failure   Level
 Sandblast                Erth           ##....       83%         1
 Magic Dart               Conj           ##..         87%         1
 Searing Ray              Conj           ##....       95%         2
 Foxfire                  Conj/Fire      #...         98%         1
 Animate Skeleton         Necr           #.....       100%        1
 Apportation              Tloc           #.....       100%        1
 Beastly Appendage        Tmut           #.....       100%        1
 Corona                   Hex            #......      100%        1
 Sting                    Tmut/Pois      #...         100%        1
 Summon Small Mammal      Summ           #...         100%        1
 Blink                    Tloc           N/A          100%        2
 Call Imp                 Summ           #.......     100%        2
 Corpse Rot               Necr/Air       N/A          100%        2
 Wereblood                Tmut           #.......     100%        2
 Call Canine Familiar     Summ           #.......     100%        3
 Conjure Flame            Conj/Fire      #.......     100%        3
 Dazzling Flash           Conj/Hex       #.....       100%        3
 Gell's Gravitas          Tloc           #.........   100%        3
 Ignite Poison            Fire/Tmut/Pois #.......     100%        3
 Inner Flame              Hex/Fire       #.......     100%        3
 Lesser Beckoning         Tloc           #.........   100%        3
 Spider Form              Tmut/Pois      #.........   100%        3
 Summon Guardian Golem    Hex/Summ       #.......     100%        3
 Teleport Other           Tloc           #.......     100%        3
 Dispel Undead            Necr           #.......     100%        4
 Fulminant Prism          Conj/Hex       #.........   100%        4
 Ice Form                 Ice/Tmut       #.......     100%        4
 Iskenderun's Mystic Bla  Conj/Tloc      #.......     100%        4
 Leda's Liquefaction      Hex/Erth       #.........   100%        4
 Passage of Golubria      Tloc           N/A          100%        4
 Sticky Flame             Conj/Fire      #.......     100%        4
 Summon Ice Beast         Ice/Summ       #.......     100%        4
 Summon Lightning Spire   Summ/Air       #.......     100%        4
 Agony                    Necr           #.......     100%        5
 Blade Hands              Tmut           #.........   100%        5
 Bolt of Magma            Conj/Fire/Erth #.........   100%        5
 Excruciating Wounds      Necr           #.........   100%        5
 Fireball                 Conj/Fire      #.........   100%        5
 Irradiate                Conj/Tmut      #.........   100%        5
 Hydra Form               Tmut           #.........   100%        6
 Spellforged Servitor     Conj/Summ      #.........   100%        7
 Shatter                  Erth           ##........   100%        9
 Sublimation of Blood     Necr           Unusable     N/A         2
 Statue Form              Tmut/Erth      Unusable     N/A         6

Dungeon Overview and Level Annotations

Branches:
Dungeon (15/15)            Temple (1/1) D:6            Lair (6/6) D:11
 Shoals (2/4) Lair:3       Spider (4/4) Lair:3        Slime (0/5) Lair:6
    Orc (0/2) D:9          Vaults (0/5) D:13         Depths (0/5) D:15
  Sewer (visited)

Altars:
Ashenzari
Cheibriados
Dithmenos
Elyvilon
Fedhas
Gozag
Hepliaklqana
Kikubaaqudgha
Makhleb
Nemelex Xobeh
Okawaru
Qazlal
Ru
Sif Muna
Trog
Uskayaw
Vehumet
Wu Jian
Xom
Yredelemnul
Zin
The Shining One

Shops:
D:6 [   D:14 *

Annotations:
D:4 3 runed translucent doors, Ludicrosity's ghost, amateur GrFi


Innate Abilities, Weirdness & Mutations

You are resistant to torment.
Your stone body is resilient. (AC +13)
You are immune to poison.
Your large and strong wings let you fly indefinitely.
You resist negative energy. (rN+)
You are resistant to electric shocks. (rElec)
You can survive without breathing.
You are immune to petrification.
You are immune to rotting.


Message History

You block the tentacle's attack. x2
The tentacle slaps you but does no damage.
The kraken bites you but does no damage.
The tentacle slaps you! The Shining One protects you from harm!
You hit the kraken but do no damage.
The kraken is almost dead.
You block the tentacle's attack. x3
The kraken squirts a massive cloud of ink into the water!
You block the tentacle's attack. The tentacle barely misses you.
The tentacle slaps you but does no damage. x2
Unknown command.
There are monsters nearby!
The tentacle slaps you but does no damage. x2
You block the tentacle's attack. The tentacle slaps you!
* * * LOW HITPOINT WARNING * * *
You block the tentacle's attack.
The kraken squirts a massive cloud of ink into the water!
You block the tentacle's attack. x2; The tentacle slaps you!
You die...

#≈≈≈≈≈≈≈≈≈≈≈≈≈≈≈≈≈≈≈≈≈
#≈≈≈≈≈≈≈≈≈≈≈≈≈≈≈≈≈≈≈≈≈
#≈≈≈≈≈≈≈≈≈≈≈≈≈≈≈≈≈≈≈≈≈
#≈≈≈≈≈≈≈≈≈≈≈≈≈≈≈≈≈≈≈≈≈
#≈≈≈≈≈≈≈≈≈≈≈≈≈≈≈≈≈≈≈≈≈
#≈≈≈≈≈≈≈≈≈≈≈≈≈≈≈≈≈≈≈≈≈
#≈≈§§§≈≈≈≈≈≈≈≈≈≈≈≈≈≈≈≈
#≈≈§§§≈≈≈≈≈≈≈≈≈≈≈≈≈≈≈≈
#≈§§w@§§≈≈≈≈≈≈≈≈≈≈≈≈≈≈
#≈§§§ww≈≈≈≈≈≈≈≈≈≈≈≈≈≈≈
#§§§§X§§§≈≈≈≈≈≈≈≈≈≈≈≈≈
#§≈w§§§§≈≈≈≈≈≈≈≈≈≈≈≈≈≈
#§§≈§§≈§≈≈≈≈≈≈≈≈≈≈≈≈≈≈
#≈§§§≈§§≈≈≈≈≈≈≈≈≈≈≈≈≈≈
#≈≈≈≈≈≈≈≈≈≈≈≈≈≈≈≈≈≈≈≈≈
#≈≈≈≈≈≈≈≈≈≈≈≈≈≈≈≈≈≈≈≈≈
#≈≈≈≈≈≈≈≈≈≈≈≈ ≈≈≈≈≈≈≈


You could see a kraken and 3 tentacles.

Vanquished Creatures
  Arachne (Spider:4)
  Rupert (D:13)
  Polyphemus (Shoals:2)
  Agnes (D:14)
  6 emperor scorpions
  5 ghost moths
  Aizul (Spider:1)
  7 entropy weavers
  Azrael (Spider:1)
  3 spark wasps
  Josephine (Lair:5)
  2 merfolk impalers
  Harold (D:9)
  An ogre mage (D:13)
  A merfolk aquamancer (Shoals:1)
  4 catoblepae
  A two-headed ogre (D:8)
  An alligator snapping turtle (Shoals:2)
  3 hydras
  3 centaur warriors (D:13)
  A merfolk avatar (Shoals:1)
  A death knight (D:13)
  11 death yaks
  A queen ant (Lair:4)
  Urug (D:13)
  An orc high priest (D:15)
  An unseen horror (D:15)
  4 sea snakes (Shoals:1)
  A skeletal warrior (D:14)
  A wizard (D:11)
  3 harpies (Shoals:2)
  16 ugly things
  20 orb spiders
  2 deep elf magi
  An oklob plant (D:6)
  24 wolf spiders
  6 cyclopes
  2 lindwurms
  3 slime creatures
  A faun (Shoals:2)
  6 manticores
  2 moths of wrath
  A black mamba (Lair:1)
  A naga mage (D:15)
  4 water nymphs
  4 merfolk sirens
  Psyche (D:12)
  A gargoyle (D:15)
  7 cane toads
  4 torpor snails
  A rime drake (shapeshifter) (D:15)
  3 yaktaurs (D:15)
  2 rime drakes (Lair:6)
  3 komodo dragons
  2 kobold demonologists
  3 trolls (D:13)
  16 demonic crawlers
  2 tengu conjurers (D:13)
  5 hornets
  A queen bee (Lair:1)
  18 merfolk
  36 jumping spiders
  A wind drake (Shoals:2)
  17 blink frogs
  6 snapping turtles
  12 dream sheep
  15 hippogriffs
  2 water elementals (Shoals:1)
  107 redbacks
  21 flying skulls (D:14)
  4 shadows
  19 tarantellas
  15 humans (D:13)
  4 wraiths
  3 wyverns
  A basilisk (D:13)
  35 yaks
  3 vampires
  4 fire elementals (Spider:1)
  6 vampire mosquitoes
  A warg (D:15)
  17 soldier ants (Lair:4)
  2 acid dragons
  15 water moccasins
  6 porcupines
  A hell hound (Spider:1)
  2 eyes of draining
  2 ice beasts
  2 black bears (D:11)
  4 phantoms
  5 sky beasts
  15 orc warriors
  A necrophage (D:9)
  3 wolves (Lair:4)
  8 ogres
  11 centaurs
  13 crocodiles
  6 big kobolds
  Blork the orc (D:6)
  19 bullfrogs
  2 scorpions
  29 killer bees
  7 howler monkeys
  15 wights
  4 electric eels
  A bullfrog zombie (D:6)
  2 centaur zombies
  3 quasits
  3 gnoll shamans
  13 jellies
  5 centaur skeletons
  6 orc priests
  Ijyb (D:3)
  3 bullfrog skeletons
  10 hounds
  Jessica (D:2)
  Natasha (thrice) (D:2)
  Terence (D:2)
  2 iguanas
  11 orc wizards
  6 hell rats (Lair:5)
  26 worker ants
  A killer bee zombie (D:6)
  2 hound skeletons
  19 adders
  16 gnolls
  A howler monkey skeleton (D:5)
  3 river rats (Sewer)
  3 shadow imps
  4 ufetubi
  13 oozes
  2 adder skeletons
  5 worms
  2 dart slugs
  6 leopard geckos
  43 orcs
  9 bats
  4 giant cockroaches
  18 goblins
  8 hobgoblins
  20 jackals
  37 kobolds
  6 quokkas
  5 ball pythons
  7 frilled lizards
  A leopard gecko skeleton (D:4)
  A leopard gecko zombie (D:5)
  31 rats
  A plant (Shoals:2)
1100 creatures vanquished.

Vanquished Creatures (others)
  Nessos (D:14)
  A death yak (Shoals:2)
  Sonja (Lair:5)
  A redback (Spider:4)
  18 fungi
  7 plants
  8 tentacles (Shoals:2)
37 creatures vanquished.

Grand Total: 1137 creatures vanquished

Notes
Turn   | Place    | Note
-------+----------+-------------------------------------------
     0 | D:1      | ClockworkOrrery the Gargoyle Fighter began the quest for
                  | the Orb.
     0 | D:1      | Reached XP level 1. HP: 14/14 MP: 1/1
    67 | D:1      | Reached XP level 2. HP: 20/20 MP: 2/2
   165 | D:1      | Reached skill level 4 in Fighting
   179 | D:1      | Reached XP level 3. HP: 17/24 MP: 3/3
  1145 | D:2      | Reached XP level 4. HP: 30/30 MP: 4/4
  1149 | D:2      | Noticed Jessica
  1155 | D:2      | Killed Jessica
  1155 | D:2      | Reached skill level 5 in Fighting
  1259 | D:2      | Noticed Natasha
  1270 | D:2      | Killed Natasha
  1424 | D:2      | Reached XP level 5. HP: 29/35 MP: 5/5
  1474 | D:2      | Noticed Natasha
  1482 | D:2      | Killed Natasha
  1638 | D:2      | Noticed Terence
  1645 | D:2      | Killed Terence
  1947 | D:2      | Noticed Natasha
  1956 | D:2      | Killed Natasha
  1956 | D:2      | Reached skill level 6 in Fighting
  2322 | D:3      | Noticed Ijyb
  2373 | D:3      | Killed Ijyb
  2373 | D:3      | Reached XP level 6. HP: 31/41 MP: 6/6
  2465 | D:3      | Found a white marble altar of Elyvilon.
  2610 | D:3      | Found a shimmering altar of Xom.
  2690 | D:3      | Found a glowing golden altar of the Shining One.
  2694 | D:3      | Became a worshipper of the Shining One
  3346 | D:4      | Found a snail-covered altar of Cheibriados.
  3502 | D:4      | Reached skill level 7 in Fighting
  3526 | D:4      | Found a runed translucent gate.
  3526 | D:4      | Found a runed translucent gate.
  3527 | D:4      | Found a runed translucent gate.
  3527 | D:4      | Noticed Ludicrosity's ghost (amateur GrFi)
  3702 | D:4      | Reached XP level 7. HP: 48/48 MP: 7/7
  3703 | D:4      | Found a sparkling altar of Nemelex Xobeh.
  4326 | D:5      | Entered Level 5 of the Dungeon
  4398 | D:5      | Found a glowing drain.
  4419 | Sewer    | Entered a sewer
  4535 | Sewer    | Reached skill level 8 in Fighting
  4558 | Sewer    | Reached skill level 5 in Maces & Flails
  4590 | Sewer    | Reached * piety under the Shining One
  5309 | D:5      | Reached XP level 8. HP: 55/55 MP: 8/8
  5458 | D:5      | Reached skill level 9 in Fighting
  5499 | D:5      | Found a hide-covered altar of Uskayaw.
  6009 | D:6      | Found a burning altar of Makhleb.
  6039 | D:6      | Found a staircase to the Ecumenical Temple.
  6044 | Temple   | Entered the Ecumenical Temple
  6274 | D:6      | Noticed Blork the orc
  6281 | D:6      | Killed Blork the orc
  6420 | D:6      | Reached skill level 10 in Fighting
  6526 | D:6      | Reached ** piety under the Shining One
  6661 | D:6      | Found Imauro's Armour Shop.
  6715 | D:6      | Noticed an oklob plant
  6746 | D:6      | Reached XP level 9. HP: 51/63 MP: 9/9
  6970 | D:6      | Killed an oklob plant
  6970 | D:6      | Reached skill level 11 in Fighting
  7386 | D:7      | Reached skill level 12 in Fighting
  7580 | D:7      | Reached XP level 10. HP: 52/72 MP: 10/10
  8341 | D:8      | Found an ornate altar of the Wu Jian Council.
  8356 | D:8      | Reached *** piety under the Shining One
  8487 | D:8      | Found a shadowy altar of Dithmenos.
  8636 | D:8      | Reached skill level 13 in Fighting
  8667 | D:8      | Found an iron altar of Okawaru.
  9088 | D:8      | Noticed a two-headed ogre
  9097 | D:8      | Killed a two-headed ogre
  9829 | D:9      | Noticed Harold
  9874 | D:9      | Killed Harold
  9874 | D:9      | Reached skill level 14 in Fighting
 10071 | D:9      | Found a staircase to the Orcish Mines.
 10082 | D:9      | Found a stormy altar of Qazlal.
 10086 | D:9      | Reached **** piety under the Shining One
 10295 | D:9      | Found a glowing silver altar of Zin.
 10340 | D:10     | Entered Level 10 of the Dungeon
 10344 | D:10     | Reached XP level 11. HP: 80/80 MP: 11/11
 10548 | D:10     | Reached skill level 10 in Maces & Flails
 10743 | D:11     | Reached ***** piety under the Shining One
 10766 | D:11     | Noticed a brown ugly thing
 10783 | D:11     | Noticed a four-headed hydra
 11085 | D:11     | Reached skill level 15 in Fighting
 11269 | D:10     | Killed a brown ugly thing
 11738 | D:11     | Noticed a cyclops
 11755 | D:11     | Killed a cyclops
 11766 | D:11     | Noticed a wizard
 11778 | D:11     | Killed a wizard
 11884 | D:11     | Noticed a cyclops
 11894 | D:11     | Killed a cyclops
 12050 | D:11     | Killed a four-headed hydra
 12050 | D:11     | Reached skill level 16 in Fighting
 12142 | D:11     | Reached XP level 12. HP: 72/88 MP: 12/12
 12208 | D:11     | Found a staircase to the Lair.
 12702 | D:12     | Reached skill level 1 in Dodging
 12859 | D:12     | Noticed Psyche
 12864 | D:12     | Killed Psyche
 13191 | D:13     | Found a gate to the Vaults.
 13191 | D:13     | Noticed a centaur warrior
 13191 | D:13     | Noticed Rupert
 13191 | D:13     | Noticed Urug
 13327 | D:13     | Noticed a soul eater
 13451 | D:13     | Identified the +1 great sword "Jushy" {antimagic, *Corrode
                  | +Fly rC++ Int-4}
 13461 | D:13     | Noticed a centaur warrior
 13477 | D:13     | Killed a centaur warrior
 13497 | D:13     | Reached skill level 5 in Shields
 13508 | D:13     | Reached skill level 5 in Armour
 13586 | D:13     | Killed a centaur warrior
 13605 | D:13     | Killed Urug
 13614 | D:13     | Reached skill level 17 in Fighting
 13624 | D:13     | Noticed an ogre mage
 13630 | D:13     | Reached XP level 13. HP: 58/96 MP: 4/13
 13647 | D:13     | Killed an ogre mage
 13882 | D:13     | Reached ****** piety under the Shining One
 14006 | D:13     | Paralysed by Rupert for 3 turns
 14017 | D:13     | Killed Rupert
 15196 | D:14     | Found Kiolacku's General Store.
 15461 | D:14     | Noticed Agnes
 15494 | D:14     | Killed Agnes
 15494 | D:14     | Reached skill level 18 in Fighting
 15494 | D:14     | Gained mutation: Your large and strong wings let you fly
                  | indefinitely. [Gargoyle growth]
 15494 | D:14     | Reached XP level 14. HP: 13/104 MP: 4/14
 15893 | D:14     | Found the +3 giant club "Skullcrusher" {speed, Str+7}
 16042 | D:14     | Noticed Nessos
 16053 | D:14     | Killed Nessos
 16053 | D:14     | Reached skill level 5 in Dodging
 16358 | D:15     | Entered Level 15 of the Dungeon
 17269 | D:15     | Found a staircase to the Depths.
 17527 | D:15     | Identified the Compendium of the Arsonist and Shape
                  | Shifting
 17962 | Lair:1   | Entered Level 1 of the Lair of Beasts
 19249 | D:4      | Found a shimmering altar of Xom.
 20675 | Lair:3   | Found a hole to the Spider Nest.
 21237 | Lair:3   | Found a staircase to the Shoals.
 21709 | Lair:4   | Reached skill level 19 in Fighting
 21709 | Lair:4   | Reached XP level 15. HP: 111/111 MP: 5/15
 23117 | Lair:5   | You are sucked into a shaft and drop 1 floor!
 23117 | Lair:6   | Entered Level 6 of the Lair of Beasts
 23180 | Lair:5   | Noticed Josephine
 23188 | Lair:5   | Killed Josephine
 23536 | Lair:5   | Noticed Sonja
 23547 | Lair:5   | Killed Sonja
 24200 | Lair:6   | Found a staircase to the Slime Pits.
 25083 | Lair:6   | Reached skill level 10 in Shields
 25267 | Lair:6   | Identified Sif Muna's Tome of the Mountains and Companions
 25892 | Spider:1 | Entered Level 1 of the Spider Nest
 26051 | Spider:1 | Noticed Azrael
 26076 | Spider:1 | Killed Azrael
 26099 | Spider:1 | Reached skill level 10 in Armour
 26302 | Spider:1 | Noticed Aizul
 26335 | Spider:1 | Killed Aizul
 26455 | Spider:1 | Noticed an emperor scorpion
 26511 | Spider:1 | Killed an emperor scorpion
 26993 | Spider:1 | Reached XP level 16. HP: 118/118 MP: 5/16
 27838 | Spider:2 | Reached skill level 20 in Fighting
 28081 | Spider:2 | Got a masterwork mace
 28166 | Spider:2 | Identified the +10 mace "Risuosah" {vorpal, rN+ Str+4} (You
                  | found it on level 2 of the Spider Nest)
 30117 | Spider:4 | Entered Level 4 of the Spider Nest
 30618 | Spider:4 | Reached XP level 17. HP: 125/125 MP: 17/17
 31134 | Spider:4 | Reached skill level 21 in Fighting
 31307 | Spider:4 | Got a gossamer rune of Zot
 31449 | Spider:4 | Learned a level 6 spell: Iron Shot
 31629 | Spider:4 | Noticed Arachne
 31650 | Spider:4 | Reached skill level 1 in Conjurations
 31650 | Spider:4 | Reached skill level 1 in Earth Magic
 31676 | Spider:4 | Killed Arachne
 31676 | Spider:4 | Reached skill level 1 in Spellcasting
 31886 | Spider:4 | Got a warped flail
 32111 | Spider:4 | Identified the cursed +1 flail of the Lesser Evil {venom,
                  | Str+5 Stlth+} (You found it on level 4 of the Spider Nest)
 32629 | Shoals:1 | Entered Level 1 of the Shoals
 33829 | Shoals:2 | Reached XP level 18. HP: 91/132 MP: 21/21
 33983 | Shoals:2 | Noticed Polyphemus
 34001 | Shoals:2 | Killed Polyphemus
 35364 | Shoals:2 | The Shining One protects you from harm!
 35366 | Shoals:2 | HP: 1/132 [tentacle[a kraken] (7)]
 35367 | Shoals:2 | Mangled by a tentacle

Illustrated notes

Levels and vault maps discovered:
D:1:      dpeg_arrival_fog, layout_loops_ring
D:2:      layout_basic, uniq_natasha, uniq_terence, uniq_jessica
D:3:      kennysheep_the_goblin_king, layout_loops_cross, lemuel_round_altar,
          nicolae_tso_carved_into_rock, roderic_serpentine_path,
          elyvilon_altar_5
D:4:      layout_loops_cross, nemelex_xobeh_ov_fountains_minmay,
          kennysheep_mini, ebering_ghost_rock_garden, grunt_decor_cap,
          minmay_misc_feat_alley, serial_bayou_pond_d, minmay_stone_trees_small,
          dk_noncrumbling_2, columned_hall_lemuel, tgw_xom
D:5:      layout_loops_ring, kennysheep_mini_moat, portal_sewer_entry_d
D:6:      lemuel_slime, layout_cave_pods, minmay_temple_entry_statues_pillars,
          serial_shops, shop, makhleb_heckhound_becter, uniq_blork_the_orc
D:7:      layout_cave_pods
D:8:      layout_basic, lemuel_crystal_altar, lemuel_crystal_altar,
          lemuel_crystal_altar, serial_curves, eino_curves_04, eino_curves_01,
          feat_on_display
D:9:      layout_cave_pools, grunt_qazlal_clouds, kennysheep_little_box,
          uniq_harold
D:10:     layout_big_octagon
D:11:     layout_cave_pools, grunt_lair_entry_orc_guard_hut
D:12:     layout_loops_cross, uniq_psyche
D:13:     layout_roguey, david_vaults_3, serial_glass, glass_columns_b,
          glass_columns_a, glass_columns_b, glass_columns_a, glass_columns_a,
          glass_columns_a, feat_on_display, feat_on_display,
          minmay_the_grid_square_5x5_3x3_mashed
          [minmay_the_grid_square_5x5_two_small,
          minmay_the_grid_square_5x5_three_small,
          minmay_the_grid_square_5x5_checkered,
          minmay_the_grid_square_5x5_longway,
          minmay_the_grid_square_5x5_megaprize_hollow,
          minmay_the_grid_square_5x5_doubleslash,
          minmay_the_grid_square_5x5_eight_small,
          minmay_the_grid_square_5x5_two_walls_b,
          minmay_the_grid_square_5x5_checkered_sparse]
D:14:     layout_long_grid, serial_shops, nicolae_shop_behind_doors,
          serial_bayou_shore_b, minmay_guarded_unrand_skullcrusher, uniq_nessos,
          uniq_agnes
D:15:     hangedman_depths_entry_try_elsewhere_first, layout_basic,
          abandoned_shop
Temple:   jpeg_temple_clearing
Lair:1:   layout_roguey, special_room [special_room_bee]
Lair:2:   layout_layer_cave
Lair:3:   layout_hall_layers, elwin_shoals_entry_rooms,
          spider_nest_entry_funnel_web
Lair:4:   layout_gridlike, zaba_antful_of_joy
Lair:5:   layout_layer_cave, minivault_26, uniq_josephine, uniq_sonja
Lair:6:   evilmike_catoblepas_cave, layout_regular_city,
          minmay_slime_entry_pillars
Shoals:1: layout_shoals
Shoals:2: layout_shoals, uniq_polyphemus
Spider:1: layout_spider_delve, uniq_azrael, uniq_rupert, uniq_aizul
Spider:2: layout_spider_delve
Spider:3: layout_spider_delve
Spider:4: grunt_spider_rune_island, uniq_arachne

Skill      XL: |  1  2  3  4  5  6  7  8  9 10 11 12 13 14 15 16 17 18 |
---------------+-------------------------------------------------------+-----
Fighting       | 4 5 6 7 8 10 12 14 16 17 18 19 20 21 | 21.5
Maces & Flails | 3 4 5 6 8 9 11 12 13 14 | 14.8
Dodging        | 3 4 6 7 8 9 |  9.2
Armour         | 5 7 8 10 11 12 | 12.1
Shields        | 5 7 9 10 11 12 | 12.3
Conjurations   | 2 3 |  3.3
Earth Magic    | 3 |  3.7
Spellcasting   | 2 |  2.8

Action                   |  1- 3 |  4- 6 |  7- 9 | 10-12 | 13-15 | 16-18 || total
-------------------------+-------+-------+-------+-------+-------+-------++-------
Melee: Flail             |   179 |   314 |   185 |   174 |       |       ||   852
       Morningstar       |       |       |   211 |   598 |  1697 |   187 ||  2693
       Mace              |       |       |       |       |       |  1202 ||  1202
Invok: Divine Shield     |       |       |       |       |     1 |     3 ||     4
 Abil: Fly               |       |       |       |       |     1 |       ||     1
  Use: Scroll            |       |       |     8 |     2 |    21 |     3 ||    34
Armor: Scale mail        |    98 |    16 |       |       |       |       ||   114
       Chain mail        |       |   153 |   340 |   358 |       |       ||   851
       Plate armour      |       |       |       |   204 |   736 |  1127 ||  2067
Dodge: Dodged            |    70 |    65 |   115 |   135 |   203 |   398 ||   986
Block: Kite shield       |   115 |   144 |   323 |   536 |       |       ||  1118
       Reflection        |       |       |       |    42 |    34 |    34 ||   110
       Tower shield      |       |       |       |   307 |  2037 |  2445 ||  4789

Table legend: (Time is in decaauts)
 A = Elapsed time spent in this place.
 B = Non-inter-level travel time spent in this place.
 C = Inter-level travel time spent in this place.
 D = Time resting spent in this place.
 E = Time spent auto-exploring this place.
 F = Levels seen in this place.
 G = Mean time per level.
                   A        B        C        D        E       F      G
               +--------+--------+--------+--------+--------+-----+--------+
         Total |  35479 |  32580 |   2899 |   6958 |  17805 |  29 | 1223.4 |
       Dungeon |  18421 |  16282 |   2139 |   3072 |   9241 |  15 | 1228.1 |
        Temple |    171 |    145 |     26 |      0 |    110 |   1 |  171.0 |
          Lair |   7210 |   6714 |    496 |    574 |   4711 |   6 | 1201.7 |
        Shoals |   2651 |   2619 |     32 |    803 |   1247 |   2 | 1325.5 |
   Spider Nest |   6169 |   5964 |    205 |   2285 |   2088 |   4 | 1542.2 |
         Sewer |    854 |    854 |      0 |    224 |    408 |   1 |  854.0 |
               +--------+--------+--------+--------+--------+-----+--------+

Top non-repeatable levels by time:
     D:8: 1678 daAuts
Spider:2: 1612 daAuts
Spider:1: 1612 daAuts
Shoals:2: 1576 daAuts
  Lair:6: 1570 daAuts
Spider:3: 1551 daAuts
    D:10: 1543 daAuts
    D:13: 1493 daAuts
     D:6: 1454 daAuts
Spider:4: 1393 daAuts
    D:14: 1358 daAuts
  Lair:3: 1346 daAuts
     D:2: 1338 daAuts
    D:15: 1302 daAuts
     D:7: 1298 daAuts
